 Dungeon Crawl Stone Soup version 0.30-a0-1122-g620db56ad9 (webtiles) character file.

Game seed: 8904436753109012013

63 FlurksSlurper the Sneak (level 3, 0/27 HPs)
             Began as a Demonspawn Brigand on Apr 22, 2023.
             Slain by an adder (3 damage)
             ... on level 2 of the Dungeon.
             The game lasted 00:02:09 (1369 turns).

FlurksSlurper the Sneak (Demonspawn Brigand)        Turns: 1369, Time: 00:02:09

Health: 0/27       AC:  4    Str: 11    XL:     3   Next: 87%
Magic:  7/7        EV: 11    Int: 14    God:
Gold:   71         SH:  0    Dex: 14    Spells: 8/8 levels left

rFire   . . .        a - +2 dagger
rCold   . . .        (no shield)
rNeg    . . .        b - +0 robe
rPois   .            (no helmet)
rElec   .            c - +0 cloak
rCorr   .            (no gloves)
SInv    .            (no boots)
Will    .....        (no amulet)
Stlth   ++           (no ring)
HPRegen 0.24/turn    (no ring)
MPRegen 0.10/turn

%: no passive effects
@: lethally poisoned (0 -> -3)
A: rugged brown scales 1, foul stench 1
a: no special abilities


You were on level 2 of the Dungeon.
You visited 1 branch of the dungeon, and saw 2 of its levels.

You collected 71 gold pieces.

Inventory:

Hand Weapons
 a - a +2 dagger (weapon)
Missiles
 d - a poisoned dart (quivered)
 e - 3 curare-tipped darts
 n - 6 datura-tipped darts
Armour
 b - a +0 robe (worn)
 c - a +0 cloak (worn)
Scrolls
 f - 2 scrolls of fog {unknown}
 g - 2 scrolls of enchant weapon {unknown}
 h - 3 scrolls of teleportation {unknown}
 i - 3 scrolls of identify {unknown}
 m - 2 scrolls of amnesia {unknown}
 o - a scroll of butterflies {unknown}
Potions
 j - a potion of magic {unknown}
 k - a potion of degeneration {unknown}
 l - a potion of brilliance {unknown}
 p - a potion of berserk rage {unknown}
 q - a potion of curing {unknown}
 r - 2 potions of attraction {unknown}


   Skills:
 - Level 2.0 Fighting
 - Level 1.7 Short Blades
 - Level 1.7 Throwing
 - Level 0.8 Dodging
 - Level 3.6 Stealth
 + Level 3.2 Spellcasting


You had 8 spell levels left.
You didn't know any spells.
Your spell library was empty.

Dungeon Overview and Level Annotations

Branches:
Dungeon (2/15)

Altars:


Innate Abilities, Weirdness & Mutations

You are partially covered in rugged brown scales. (AC +1, +3% HP)
You may rarely emit foul miasma when damaged in melee.


Message History

Press: ? - help, Shift-Dir - straight line, f/p - adder
Aim: an adder (40% to hit)
You throw a poisoned dart. The poisoned dart hits the adder.
You feel sick. The adder misses you.
Unknown command.
You hit the adder.
The adder is moderately wounded.
You feel sick. The adder bites you.
You barely miss the adder.
The adder is moderately wounded.
You feel sick.
You are no longer poisoned.
The adder bites you.
You emit a cloud of foul miasma!
You barely miss the adder.
The adder is moderately wounded.
The adder is engulfed in dark miasma.
The adder is poisoned.
The adder closely misses you.
You barely miss the adder.
The adder is heavily wounded.
The adder is engulfed in dark miasma.
The adder looks even sicker.
The adder seems to slow down.
The adder bites you.
You are poisoned.
The adder poisons you!
The adder is engulfed in dark miasma.
The adder looks even sicker.
The adder seems to slow down.
You kill the adder!
You feel sick. The adder bites you.
* * * LOW HITPOINT WARNING * * *
You are lethally poisoned!
The adder poisons you! The adder bites you but does no damage.
Things that are here:
a poisoned dart; an adder corpse; an adder corpse You barely miss the adder.
The adder is heavily wounded.
* * * LOW HITPOINT WARNING * * *
You feel sick. The adder misses you.
You closely miss the adder.
The adder is moderately wounded.
* * * LOW HITPOINT WARNING * * *
You feel sick. The adder bites you.
You die...

... ##.### ... #.## ... #..#
#.# #.#####.### #.#
#.....#††.##
#######.#########.......
...<.................... #.#
#####....... #@# ###..#####
.###.#########S# #.......#
..........S....#######.....).#
.(...####.....>..............#
(...((...#############.......#
....##.......(.# #.......# .
#....:....# #########
#.........# #?..†.....#


You could see an adder (poisoned).

Vanquished Creatures
  3 adders (D:2)
  A worm (D:2)
  A dart slug (D:1)
  3 ball pythons (D:1)
  2 endoplasms
  A giant cockroach (D:2)
  A hobgoblin (D:1)
  4 jackals (D:1)
  3 quokkas
  A bat (D:1)
  3 goblins
  3 kobolds (D:1)
  3 rats
29 creatures vanquished.

Notes
Turn   | Place    | Note
-------+----------+-------------------------------------------
     0 | D:1      | FlurksSlurper the Demonspawn Brigand began the quest for
                  | the Orb.
     0 | D:1      | Reached XP level 1. HP: 16/16 MP: 1/1
   130 | D:1      | Reached skill level 1 in Spellcasting
   212 | D:1      | Gained mutation: You may rarely emit foul miasma when
                  | damaged in melee. [demonic ancestry]
   212 | D:1      | Reached XP level 2. HP: 22/22 MP: 4/4
  1197 | D:2      | Gained mutation: You are partially covered in rugged brown
                  | scales. (AC +1, +3% HP) [demonic ancestry]
  1197 | D:2      | Reached XP level 3. HP: 11/27 MP: 6/6
  1369 | D:2      | Slain by an adder

Illustrated notes

Levels and vault maps discovered:
D:1:      dpeg_arrival_rooms_with_view, layout_basic, serial_forest,
          infiniplex_forest_straight_1, infiniplex_forest_clump_long,
          infiniplex_forest_side_room, infiniplex_forest_straight_3,
          infiniplex_forest_clump_large, infiniplex_forest_clump_curved
D:2:      layout_rooms, chequers_ecumenical_altar_simple

Skill      XL: |  1  2  3 |
---------------+----------+-----
Spellcasting   | 1 2 3 |  3.2
Fighting       | |  2.0
Short Blades   | |  1.7
Throwing       | |  1.7
Dodging        | |  0.8
Stealth        | |  3.6

Action                     || total
---------------------------++-------
  Melee: Dagger            ||    90
  Throw: Dart              ||    10
   Stab: Sleeping          ||     5
 Armour: Robe              ||    28
  Dodge: Dodged            ||    63

Table legend: (Time is in decaauts)
 A = Elapsed time spent in this place.
 B = Non-inter-level travel time spent in this place.
 C = Inter-level travel time spent in this place.
 D = Time resting spent in this place.
 E = Time spent auto-exploring this place.
 F = Levels seen in this place.
 G = Mean time per level.
                   A        B        C        D        E       F      G
               +--------+--------+--------+--------+--------+-----+--------+
         Total |   1359 |   1334 |     25 |      0 |   1064 |   2 |  679.5 |
       Dungeon |   1359 |   1334 |     25 |      0 |   1064 |   2 |  679.5 |
               +--------+--------+--------+--------+--------+-----+--------+

Top non-repeatable levels by time:
     D:1: 1136 daAuts
     D:2: 222 daAuts
